 Dungeon Crawl Stone Soup version 0.18.1-50-g88ac8fd (webtiles) character file.

107 Nordron the Changer (level 4, 0/32 HPs)
             Began as a Merfolk Transmuter on Sept 25, 2016.
             Killed from afar by Sigmund (8 damage)
             ... with a magic dart
             ... on level 3 of the Dungeon.
             The game lasted 00:08:51 (2687 turns).

Nordron the Changer (Merfolk Transmuter)            Turns: 2687, Time: 00:08:52

Health: 0/32       AC:  2    Str: 10    XL:     4   Next: 85%
Magic:  5/7        EV: 21    Int: 13    God:
Gold:   49         SH:  0    Dex: 19    Spells: 2 memorised, 3 levels left

rFire  . . .     SeeInvis .       - Unarmed
rCold  . . .     Gourm    .     (armour currently unavailable)
rNeg   . . .     Faith    .     (shield currently unavailable)
rPois  x         Spirit   .     (helmet currently unavailable)
rElec  .         Dismiss  .     (cloak currently unavailable)
rCorr  .         Reflect  .     (gloves currently unavailable)
SustAt .         Harm     .     (boots currently unavailable)
MR     +....                    (no amulet)
Stlth  ++........               (no ring)
                                s - ring of protection from magic

@: spider-form (expiring), somewhat resistant to hostile enchantments,
unstealthy
A: (change form in water), (swift swim)
a: End Transformation


You were on level 3 of the Dungeon.
You were not hungry.
You were a venomous arachnid creature.
You visited 1 branch of the dungeon, and saw 3 of its levels.

You collected 49 gold pieces.

Inventory:

Hand Weapons
 g - a +0 short sword (melded)
Missiles
 a - 69 arrows
Armour
 b - a +0 robe (melded)
 p - a +0 helmet
 q - a +0 leather armour
 v - a +0 pair of boots (melded)
Jewellery
 s - a ring of protection from magic (left front leg)
Scrolls
 f - 4 scrolls of remove curse {unknown}
 i - a scroll of fog {unknown}
 j - a scroll of recharging {unknown}
 m - 2 scrolls of random uselessness {unknown}
 n - a scroll of blinking {unknown}
 o - 3 scrolls of amnesia {unknown}
 r - a scroll of teleportation {unknown}
 t - a scroll of fear {unknown}
 u - a scroll of magic mapping {unknown}
 w - a scroll of identify {unknown}
Potions
 e - 3 potions of heal wounds {unknown}
 h - 2 potions of curing {unknown}
Books
 c - a book of Changes

   Spells                             Type                      Level
   a - Beastly Appendage              Transmutation                1
   b - Sticks to Snakes               Transmutation                2
   c - Spider Form                    Transmutation/Poison         3
   d - Ice Form                       Ice/Transmutation            4
   e - Blade Hands                    Transmutation                5
Comestibles
 d - 4 bread rations
 k - 6 chunks of flesh
 l - 3 meat rations


   Skills:
 - Level 1.1 Fighting
 - Level 2.6 Dodging
 - Level 3.2 Unarmed Combat
 - Level 2.0 Spellcasting
 * Level 6.4 Transmutations


You had 3 spell levels left.
You knew the following spells:

 Your Spells              Type           Power        Failure   Level  Hunger
a - Beastly Appendage     Trmt           ###...       8%          1    ##.....
b - Spider Form           Trmt/Pois      #.........   41%         3    ####...


Dungeon Overview and Level Annotations

Branches:
Dungeon (3/15)

Altars:
Dithmenos
Makhleb
Nemelex Xobeh
Pakellas
Sif Muna
Vehumet
Xom
Yredelemnul

Annotations:
D:3 Sigmund


Message History

You start resting.
Eating one of 7 chunks of flesh.
This raw flesh tastes terrible.
You continue eating. x2
Sigmund the Dreaded comes into view.
He is wielding a scythe.
Sigmund shouts!
Casting: Beastly Appendage
Confirm with . or Enter, or press ? or * to list all spells.
You turn into a venomous arachnid creature.
Your +0 short sword melds into your body.
Your +0 pair of boots melds into your body.
Your +0 robe melds into your body.
Sigmund barely misses you. Sigmund casts a spell at you.
The magic dart hits you!
Sigmund hits you from afar with a scythe!
* * * LOW HITPOINT WARNING * * *
Your transformation is almost over.
Sigmund casts a spell at you. The magic dart hits you!
You die...

###...####)# ##>##
#.# #.# #.# #.# #.#
#.# #.# ..#.# #.#
##.#.# #.# ##....#
#.# .....# #s# ..?
###.### #.# #.....#
#.#####@....### #
#.............# ...
#)#####.....#.#
#....#.#####.....#.#
#...........#####
###.#########


You could see Sigmund.

Vanquished Creatures
  4 adders
  A worm (D:3)
  A dart slug (D:1)
  3 giant geckos
  8 orcs (D:3)
  2 ball pythons
  5 goblins
  4 hobgoblins
  6 jackals
  3 kobolds
  2 quokkas
  6 bats
  6 rats
51 creatures vanquished.

Notes
Turn   | Place    | Note
--------------------------------------------------------------
     0 | D:1      | Nordron the Merfolk Transmuter began the quest for the Orb.
     0 | D:1      | Reached XP level 1. HP: 15/15 MP: 3/3
    36 | D:1      | Reached skill level 3 in Transmutations
   104 | D:1      | Reached XP level 2. HP: 4/21 MP: 3/5
   109 | D:1      | HP: 1/21 [jackal (1)]
   463 | D:1      | Reached skill level 4 in Transmutations
   806 | D:2      | Reached XP level 3. HP: 12/26 MP: 4/6
  1046 | D:2      | Learned a level 3 spell: Spider Form
  1327 | D:2      | Found an oddly glowing altar of Pakellas.
  1340 | D:2      | Found a deep blue altar of Sif Muna.
  1340 | D:2      | Found a burning altar of Makhleb.
  1340 | D:2      | Found a sparkling altar of Nemelex Xobeh.
  1343 | D:2      | Found a basalt altar of Yredelemnul.
  1345 | D:2      | Found a shadowy altar of Dithmenos.
  1521 | D:2      | Reached skill level 5 in Transmutations
  1750 | D:2      | Found a radiant altar of Vehumet.
  1971 | D:3      | Reached XP level 4. HP: 24/32 MP: 7/7
  2152 | D:3      | Reached skill level 6 in Transmutations
  2160 | D:3      | Found a shimmering altar of Xom.
  2673 | D:3      | Noticed Sigmund
  2687 | D:3      | Killed from afar by Sigmund

Skill      XL: |  1  2  3  4 |
---------------+-------------+-----
Transmutations | 3 4 5 6 |  6.4
Fighting       | |  1.1
Dodging        | |  2.6
Unarmed Combat | |  3.2
Spellcasting   | |  2.0

Action                   |  1- 3 |  4- 6 || total
-------------------------+-------+-------++-------
Melee: Short sword       |   111 |    86 ||   197
       Headbutt          |    18 |     8 ||    26
       Unarmed           |     5 |       ||     5
       Punch             |       |     1 ||     1
 Cast: Beastly Appendage |    25 |    10 ||    35
       Spider Form       |       |     1 ||     1
 Abil: End Transformatio |     1 |       ||     1
 Stab: Sleeping          |     2 |       ||     2
  Eat: Chunk             |     4 |     3 ||     7
Armor: Robe              |    31 |    17 ||    48
Dodge: Dodged            |   116 |    39 ||   155
